TOP OF THE 1ST |
Richmond Flairs batting - Pitching for Indiana Hounds : LHP Darren Blackwell
|
Pitching: LHP Darren Blackwell
|
|
Batting: RHB Freddy Padilla
|
0-0: Ball 1-0: Ball 2-0: Called Strike 2-1: Ball 3-1: Foul Ball, location: 2F 3-2: Base on Balls
|
Batting: LHB Sean Nicks
|
0-0: Called Strike 0-1: Ground out U3 (Groundball, 3) Freddy Padilla to second
|
Batting: RHB Jorge Jiménez
|
0-0: Ball 1-0: Fly out, F8 (Flyball, 8RD) Runner from 2nd tags up, SAFE at 3rd, no throw
|
Batting: RHB Elliott Johnston
|
0-0: Called Strike 0-1: Ball 1-1: Ball 2-1: Swinging Strike 2-2: Fly out, F9 (Line Drive, 9)
|
Top of the 1st over - 0 run(s), 0 hit(s), 0 error(s), 1 left on base; Richmond 0 - Indiana 0 |
BOTTOM OF THE 1ST |
Indiana Hounds batting - Pitching for Richmond Flairs : RHP Chris Carpenter
|
Pitching: RHP Chris Carpenter
|
|
Batting: LHB Joe Sanders
|
0-0: Ball 1-0: Ball 2-0: Foul Ball, location: 2F 2-1: Called Strike 2-2: Ball 3-2: Foul Ball, location: 2F 3-2: Ground out 4-3 (Groundball, 4)
|
Batting: LHB Pepe Vázquez
|
0-0: Called Strike 0-1: Ground out 6-3 (Groundball, 6)
|
Batting: RHB Vicente Valentín
|
0-0: Called Strike 0-1: Ball 1-1: Ball 2-1: Foul Ball, location: 2F 2-2: Fly out, F9 (Flyball, 9LS)
|
Bottom of the 1st over - 0 run(s), 0 hit(s), 0 error(s), 0 left on base; Richmond 0 - Indiana 0 |
TOP OF THE 2ND |
Richmond Flairs batting - Pitching for Indiana Hounds : LHP Darren Blackwell
|
Batting: RHB R.J. Crosby
|
0-0: Ball 1-0: Swinging Strike 1-1: Foul Ball, location: 2F 1-2: Ball 2-2: Ball 3-2: Strikes out swinging
|
Batting: LHB R.J. Courtney
|
0-0: Ball 1-0: Swinging Strike 1-1: Foul Ball, location: 2F 1-2: Strikes out looking
|
Batting: RHB Christian Hudson
|
0-0: Called Strike 0-1: Ball 1-1: Swinging Strike 1-2: Foul Ball, location: 2F 1-2: Foul Ball, location: 2F 1-2: Fly out, F9 (Flyball, 89M)
|
Top of the 2nd over - 0 run(s), 0 hit(s), 0 error(s), 0 left on base; Richmond 0 - Indiana 0 |
BOTTOM OF THE 2ND |
Indiana Hounds batting - Pitching for Richmond Flairs : RHP Chris Carpenter
|
Batting: RHB R.J. Parker
|
0-0: Called Strike 0-1: Swinging Strike 0-2: Strikes out looking
|
Batting: LHB Dave Watson
|
0-0: Fly out, F9 (Flyball, 9S)
|
Batting: RHB Jeff Jones
|
0-0: Called Strike 0-1: Ball 1-1: Swinging Strike 1-2: Foul Ball, location: 2F 1-2: Ball 2-2: Strikes out looking
|
Bottom of the 2nd over - 0 run(s), 0 hit(s), 0 error(s), 0 left on base; Richmond 0 - Indiana 0 |
TOP OF THE 3RD |
Richmond Flairs batting - Pitching for Indiana Hounds : LHP Darren Blackwell
|
Batting: SHB Carlos Reyes
|
0-0: Called Strike 0-1: Ground out 6-3 (Groundball, 6)
|
Batting: LHB Roland Jones
|
0-0: Ball 1-0: Foul Ball, location: 2F 1-1: Foul Ball, location: 2F 1-2: Ball 2-2: Ball 3-2: Foul Ball, location: 2F 3-2: Foul Ball, location: 2F 3-2: SINGLE (Groundball, 6D)
|
Batting: RHB Freddy Padilla
|
0-0: Ball 1-0: SINGLE (Line Drive, 56) Roland Jones to second
|
Batting: LHB Sean Nicks
|
0-0: Called Strike 0-1: Ball 1-1: Ball 2-1: Grounds into double play, 4-6-3 (Groundball, 4)
|
Top of the 3rd over - 0 run(s), 2 hit(s), 0 error(s), 1 left on base; Richmond 0 - Indiana 0 |
BOTTOM OF THE 3RD |
Indiana Hounds batting - Pitching for Richmond Flairs : RHP Chris Carpenter
|
Batting: RHB Juan Brito
|
0-0: Swinging Strike 0-1: Foul Ball, location: 2F 0-2: Ball 1-2: Ball 2-2: Strikes out swinging
|
Batting: RHB Doug Murray
|
0-0: Called Strike 0-1: Ball 1-1: Called Strike 1-2: Ball 2-2: Foul Ball, location: 2F 2-2: Ball 3-2: Strikes out swinging, 2-3 out at first.
|
Batting: RHB Octávio Marín
|
0-0: Called Strike 0-1: Ball 1-1: Ball 2-1: Foul Ball, location: 2F 2-2: Fly out, F9 (Flyball, 9D)
|
Bottom of the 3rd over - 0 run(s), 0 hit(s), 0 error(s), 0 left on base; Richmond 0 - Indiana 0 |
TOP OF THE 4TH |
Richmond Flairs batting - Pitching for Indiana Hounds : LHP Darren Blackwell
|
Batting: RHB Jorge Jiménez
|
0-0: Called Strike 0-1: Ball 1-1: Ball 2-1: Ground out 6-3 (Groundball, 6)
|
Batting: RHB Elliott Johnston
|
0-0: Swinging Strike 0-1: Called Strike 0-2: Ball 1-2: Ball 2-2: Ball 3-2: SINGLE (Groundball, 4MD)
|
Batting: RHB R.J. Crosby
|
0-0: Ball 1-0: Called Strike 1-1: Ball 2-1: Foul Ball, location: 2F 2-2: Fielders Choice at 2nd, 1-6 (Groundball, 13)
|
Batting: LHB R.J. Courtney
|
0-0: Ball 1-0: Ball 2-0: Ball 3-0: Called Strike 3-1: Called Strike 3-2: Foul Ball, location: 2F 3-2: 2-RUN HOME RUN (Flyball, 9D), Distance : 366 ft
|
Batting: RHB Christian Hudson
|
0-0: Foul Ball, location: 2F 0-1: Foul Ball, location: 2F 0-2: Ball 1-2: Foul Ball, location: 2F 1-2: Ball 2-2: SINGLE (Groundball, 56D)
|
Batting: SHB Carlos Reyes
|
0-0: Called Strike 0-1: Fielders Choice at 2nd, 5-4 (Groundball, 5)
|
Top of the 4th over - 2 run(s), 3 hit(s), 0 error(s), 0 left on base; Richmond 2 - Indiana 0 |
BOTTOM OF THE 4TH |
Indiana Hounds batting - Pitching for Richmond Flairs : RHP Chris Carpenter
|
Batting: LHB Joe Sanders
|
0-0: Ball 1-0: Ball 2-0: Ball 3-0: Base on Balls
|
Batting: LHB Pepe Vázquez
|
0-0: Ball 1-0: Ball 2-0: Fly out, F8 (Line Drive, 8RM)
|
Batting: RHB Vicente Valentín
|
0-0: Ball 1-0: Foul Ball, location: 2F 1-1: Swinging Strike 1-2: 2-RUN HOME RUN (Flyball, 7D), Distance : 356 ft
|
Batting: RHB R.J. Parker
|
0-0: Called Strike 0-1: Ball 1-1: Swinging Strike 1-2: Foul Ball, location: 2F 1-2: Strikes out looking
|
Batting: LHB Dave Watson
|
0-0: Called Strike 0-1: SINGLE (Flyball, 7S)
|
Batting: RHB Jeff Jones
|
0-0: Called Strike 0-1: Foul Ball, location: 2F 0-2: Strikes out looking
|
Bottom of the 4th over - 2 run(s), 2 hit(s), 0 error(s), 1 left on base; Richmond 2 - Indiana 2 |
TOP OF THE 5TH |
Richmond Flairs batting - Pitching for Indiana Hounds : LHP Darren Blackwell
|
Batting: LHB Roland Jones
|
0-0: Ground out 6-3 (Groundball, 6)
|
Batting: RHB Freddy Padilla
|
0-0: Ground out 6-3 (Groundball, 56D)
|
Batting: LHB Sean Nicks
|
0-0: Ball 1-0: Swinging Strike 1-1: Called Strike 1-2: Ball 2-2: Ball 3-2: Foul Ball, location: 2F 3-2: Fly out, F7 (Flyball, 7)
|
Top of the 5th over - 0 run(s), 0 hit(s), 0 error(s), 0 left on base; Richmond 2 - Indiana 2 |
BOTTOM OF THE 5TH |
Indiana Hounds batting - Pitching for Richmond Flairs : RHP Chris Carpenter
|
Batting: RHB Juan Brito
|
0-0: Foul Ball, location: 2F 0-1: Foul Ball, location: 2F 0-2: Strikes out swinging
|
Batting: RHB Doug Murray
|
0-0: Swinging Strike 0-1: Ball 1-1: Ground out 5-3 (Groundball, 56)
|
Batting: RHB Octávio Marín
|
0-0: Called Strike 0-1: SINGLE (Line Drive, 56D)
|
Batting: LHB Joe Sanders
|
0-0: Called Strike 0-1: Called Strike Octávio Marín is caught stealing 2nd base
|
Bottom of the 5th over - 0 run(s), 1 hit(s), 0 error(s), 0 left on base; Richmond 2 - Indiana 2 |
TOP OF THE 6TH |
Richmond Flairs batting - Pitching for Indiana Hounds : LHP Darren Blackwell
|
Batting: RHB Jorge Jiménez
|
0-0: Called Strike 0-1: Ball 1-1: SINGLE (Groundball, 25) (infield hit)
|
Pitching: RHP Rob Fields
|
|
Batting: RHB Elliott Johnston
|
0-0: Foul Ball, location: 2F 0-1: Ball 1-1: Ball 2-1: Foul Ball, location: 2F 2-2: Ball 3-2: 2-RUN HOME RUN (Flyball, 78XD), Distance : 390 ft
|
Batting: RHB R.J. Crosby
|
0-0: Ball 1-0: SINGLE (Groundball, 6MD)
|
Batting: LHB R.J. Courtney
|
0-0: Fly out, F7 (Flyball, 78S)
|
Batting: RHB Christian Hudson
|
0-0: Fly out, F5 (Popup, 56)
|
Batting: SHB Carlos Reyes
|
0-0: Foul Ball, location: 2F 0-1: Ball 1-1: Called Strike 1-2: Strikes out looking
|
Top of the 6th over - 2 run(s), 3 hit(s), 0 error(s), 1 left on base; Richmond 4 - Indiana 2 |
BOTTOM OF THE 6TH |
Indiana Hounds batting - Pitching for Richmond Flairs : RHP Chris Carpenter
|
Batting: LHB Joe Sanders
|
0-0: Called Strike 0-1: SINGLE (Groundball, 34D)
|
Batting: LHB Pepe Vázquez
|
0-0: Ball 1-0: Ball 2-0: Fly out, F7 (Flyball, 7LSF)
|
Batting: RHB Vicente Valentín
|
0-0: Called Strike 0-1: Ball 1-1: Swinging Strike 1-2: Foul Ball, location: 2F 1-2: Foul Ball, location: 2F 1-2: Ball 2-2: Foul Ball, location: 2F 2-2: Ball 3-2: Foul Ball, location: 2F 3-2: Base on Balls Joe Sanders to second
|
Batting: RHB R.J. Parker
|
0-0: Ball 1-0: Foul Ball, location: 2F 1-1: Foul Ball, location: 2F 1-2: Ball 2-2: Fly out, F8 (Flyball, 8RD) Runner from 2nd tags up, SAFE at 3rd, no throw
|
Batting: LHB Dave Watson
|
0-0: Called Strike 0-1: Swinging Strike 0-2: SINGLE (Groundball, 4MD) Joe Sanders scores Vicente Valentín to second
|
Batting: RHB Jeff Jones
|
0-0: Ball 1-0: Fly out, F9 (Flyball, 9)
|
Bottom of the 6th over - 1 run(s), 2 hit(s), 0 error(s), 2 left on base; Richmond 4 - Indiana 3 |
TOP OF THE 7TH |
Richmond Flairs batting - Pitching for Indiana Hounds : RHP Rob Fields
|
Batting: LHB Roland Jones
|
0-0: Ball 1-0: Ball 2-0: Ground out 5-3 (Groundball, 56)
|
Batting: RHB Freddy Padilla
|
0-0: Ball 1-0: Ball 2-0: Called Strike 2-1: Called Strike 2-2: Ground out 5-3 (Groundball, 56)
|
Batting: LHB Sean Nicks
|
0-0: Called Strike 0-1: Ball 1-1: Ball 2-1: SINGLE (Groundball, 34D)
|
Batting: RHB Jorge Jiménez
|
0-0: Called Strike 0-1: Swinging Strike 0-2: Strikes out swinging
|
Top of the 7th over - 0 run(s), 1 hit(s), 0 error(s), 1 left on base; Richmond 4 - Indiana 3 |
BOTTOM OF THE 7TH |
Indiana Hounds batting - Pitching for Richmond Flairs : RHP Chris Carpenter
|
Pitching: LHP Carl Lewis
|
|
Batting: RHB Juan Brito
|
0-0: Ball 1-0: SINGLE (Groundball, 6D)
|
Batting: RHB Doug Murray
|
0-0: Sac Bunt - play at first, batter OUT! U3 Juan Brito to second
|
Pinch Hitting: RHB Danny Walker
|
0-0: Ball 1-0: Foul Ball, location: 2F 1-1: Foul Ball, location: 2F 1-2: Ball 2-2: Ball 3-2: Foul Ball, location: 2F 3-2: Ground out 6-3 (Groundball, 6)
|
Batting: LHB Joe Sanders
|
0-0: Called Strike 0-1: Swinging Strike 0-2: Ball 1-2: Strikes out swinging
|
Bottom of the 7th over - 0 run(s), 1 hit(s), 0 error(s), 1 left on base; Richmond 4 - Indiana 3 |
TOP OF THE 8TH |
Richmond Flairs batting - Pitching for Indiana Hounds : RHP Rob Fields
|
Now at SS: Danny Walker
|
|
Batting: RHB Elliott Johnston
|
0-0: Fly out, F8 (Flyball, 78M)
|
Batting: RHB R.J. Crosby
|
0-0: Called Strike 0-1: Foul Ball, location: 2F 0-2: Foul Ball, location: 2F 0-2: Ground out U3 (Groundball, 34)
|
Batting: LHB R.J. Courtney
|
0-0: Ball 1-0: Called Strike 1-1: Ball 2-1: Ball 3-1: Called Strike 3-2: Strikes out swinging
|
Top of the 8th over - 0 run(s), 0 hit(s), 0 error(s), 0 left on base; Richmond 4 - Indiana 3 |
BOTTOM OF THE 8TH |
Indiana Hounds batting - Pitching for Richmond Flairs : LHP Carl Lewis
|
Now at 1B: Adrián Miranda
|
|
Batting: LHB Pepe Vázquez
|
0-0: Called Strike 0-1: Swinging Strike 0-2: SINGLE (Line Drive, 78S)
|
Pitching: RHP Hyeong-uk Yi
|
|
Pinch Hitting: LHB Junior Coates
|
0-0: Ball 1-0: Ball 2-0: Foul Ball, location: 2F 2-1: Fly out, F8 (Flyball, 78D)
|
Batting: RHB R.J. Parker
|
0-0: Swinging Strike 0-1: Ball 1-1: Ball 2-1: Foul Ball, location: 2F 2-2: Foul Ball, location: 2F 2-2: Strikes out looking
|
Pitching: LHP Salvador Rodríguez
|
|
Pinch Hitting: RHB Norberto Gonzáles
|
0-0: Ball 1-0: Ball 2-0: Ball 3-0: Called Strike 3-1: Swinging Strike 3-2: Reached on error, E5 (Groundball, 5L) Pepe Vázquez to third
|
Pitching: LHP Orlando Díaz
|
|
Batting: RHB Jeff Jones
|
0-0: Ball 1-0: Ball 2-0: Foul Ball, location: 2F 2-1: Foul Ball, location: 2F 2-2: Fly out, F9 (Flyball, 89M)
|
Bottom of the 8th over - 0 run(s), 1 hit(s), 1 error(s), 2 left on base; Richmond 4 - Indiana 3 |
TOP OF THE 9TH |
Richmond Flairs batting - Pitching for Indiana Hounds : RHP Rob Fields
|
Now at 3B: Junior Coates
|
|
Now in RF: Norberto Gonzáles
|
|
Batting: RHB Christian Hudson
|
0-0: Called Strike 0-1: Ball 1-1: Ground out 4-3 (Groundball, 4)
|
Batting: SHB Carlos Reyes
|
0-0: Foul Ball, location: 2F 0-1: Swinging Strike 0-2: Foul Ball, location: 2F 0-2: Ball 1-2: Ball 2-2: Strikes out swinging
|
Batting: LHB Roland Jones
|
0-0: Called Strike 0-1: Ball 1-1: Ball 2-1: Foul Ball, location: 2F 2-2: Ball 3-2: Foul Ball, location: 2F 3-2: Foul Ball, location: 2F 3-2: SOLO HOME RUN (Flyball, 9D), Distance : 354 ft
|
Batting: RHB Freddy Padilla
|
0-0: Called Strike 0-1: Foul Ball, location: 2F 0-2: Ball 1-2: Strikes out looking
|
Top of the 9th over - 1 run(s), 1 hit(s), 0 error(s), 0 left on base; Richmond 5 - Indiana 3 |
BOTTOM OF THE 9TH |
Indiana Hounds batting - Pitching for Richmond Flairs : LHP Orlando Díaz
|
Pitching: RHP Octávio Morín
|
|
Batting: RHB Juan Brito
|
0-0: Ground out 4-3 (Groundball, 4)
|
Batting: RHB Doug Murray
|
0-0: Swinging Strike 0-1: Swinging Strike 0-2: Foul Ball, location: 2F 0-2: Strikes out swinging
|
Batting: RHB Danny Walker
|
0-0: Called Strike 0-1: Foul Ball, location: 2F 0-2: Foul Ball, location: 2F 0-2: Foul Ball, location: 2F 0-2: Ball 1-2: Foul Ball, location: 2F 1-2: Ball 2-2: Foul Ball, location: 2F 2-2: Ball 3-2: SINGLE (Groundball, 6MD)
|
Batting: LHB Joe Sanders
|
0-0: Foul Ball, location: 2F 0-1: Ball 1-1: Ground out 1-3 (Groundball, 13)
|
Bottom of the 9th over - 0 run(s), 1 hit(s), 0 error(s), 1 left on base; Richmond 5 - Indiana 3 |
|